PCL
SALT LAKE CITY BEES @ TUCSON TOROS
07/28/1982
 
TOP OF THE 1ST
Salt Lake City Bees batting - Pitching for Tucson Toros : RHP Alfredo Campos
Pitching: RHP Alfredo Campos
Batting: LHB Mike Cole 0-0: Called Strike
0-1: Foul Ball, location: 2F
0-2: Foul Ball, location: 2F
0-2: Ball
1-2: Foul Ball, location: 2F
1-2: SINGLE (Line Drive, 5L, EV 104.4 MPH)
Batting: LHB Eric Attaway 0-0: Foul Ball, location: 2F
0-1: Ball
1-1: Ball
2-1: Called Strike
2-2: Strikes out swinging
Batting: RHB Robert Potts 0-0: Ball
1-0: Called Strike
1-1: Called Strike
1-2: Grounds into double play, 5-4-3 (Groundball, 5, EV 90.6 MPH)
Top of the 1st over - 0 runs, 1 hit, 0 errors, 0 left on base; Salt Lake City 0 - Tucson 0
BOTTOM OF THE 1ST
Tucson Toros batting - Pitching for Salt Lake City Bees : RHP Ed Nunez
Pitching: RHP Ed Nunez
Batting: LHB Juan Bustabad 0-0: Ball
1-0: SINGLE (Line Drive, 34D, EV 103.1 MPH)
Batting: SHB Rodney Scott 0-0: Ball
1-0: Ground out 4-3 (Groundball, 4MS, EV 76.9 MPH)
Juan Bustabad to second
Batting: RHB David Holmes 0-0: Ball
1-0: Foul Ball, location: 2F
1-1: Ball
2-1: Fly out, F8 (Flyball, 89S, EV 81.3 MPH)
Batting: LHB Pat Dodson 0-0: Called Strike
0-1: Ball
1-1: Foul Ball, location: 2F
1-2: Foul Ball, location: 2F
1-2: Foul Ball, location: 2F
1-2: Ball
2-2: Ball
3-2: Foul Ball, location: 2F
3-2: SINGLE (Groundball, 34, EV 100.6 MPH) (infield hit)
Juan Bustabad to third
Batting: LHB Jeremy Penk 0-0: Ball
1-0: SINGLE (Line Drive, 89M, EV 108.1 MPH)
Juan Bustabad scores
Pat Dodson to second
Runner from 2nd tries for 3rd, SAFE, throw by RF made to third
Batting: SHB Michael Miara 0-0: 3-RUN HOME RUN (Line Drive, 89XD, EV 100.6 MPH), Distance : 411 ft
Batting: LHB Danny Garcia 0-0: Ball
1-0: Fly out, F9 (Flyball, 89M, EV 83.8 MPH)
Bottom of the 1st over - 4 runs, 4 hits, 0 errors, 0 left on base; Salt Lake City 0 - Tucson 4
TOP OF THE 2ND
Salt Lake City Bees batting - Pitching for Tucson Toros : RHP Alfredo Campos
Batting: LHB Thomas Dorsey 0-0: Called Strike
0-1: Ball
1-1: Ball
2-1: Ground out 1-3 (Groundball, P, EV 71.9 MPH)
Batting: RHB William Cole 0-0: Ball
1-0: Called Strike
1-1: Ball
2-1: Fly out, F7 (Line Drive, 7, EV 90.6 MPH)
Batting: RHB Jamie Nelson 0-0: Ball
1-0: Ball
2-0: Ball
3-0: Base on Balls
Batting: RHB Darnell Coles 0-0: Ball
1-0: Ball
2-0: Called Strike
2-1: Ball
3-1: Fly out, F8 (Flyball, 8LXD, EV 103.1 MPH)
Top of the 2nd over - 0 runs, 0 hits, 0 errors, 1 left on base; Salt Lake City 0 - Tucson 4
BOTTOM OF THE 2ND
Tucson Toros batting - Pitching for Salt Lake City Bees : RHP Ed Nunez
Batting: SHB Kevin King 0-0: Ball
1-0: Ball
2-0: Ball
3-0: Called Strike
3-1: Called Strike
3-2: Base on Balls
Batting: RHB Talmadge Tanks 0-0: Ball
1-0: Swinging Strike
1-1: Swinging Strike
1-2: Strikes out swinging
Batting: LHB Juan Bustabad 0-0: Ball
1-0: Foul Ball, location: 2F
1-1: SINGLE (Groundball, 56D, EV 93.8 MPH)
Kevin King to second
Batting: SHB Rodney Scott 0-0: Ball
1-0: Foul Ball, location: 2F
1-1: Called Strike
1-2: Ball
2-2: Ball
3-2: Foul Ball, location: 2F
3-2: Base on Balls
Kevin King to third
Juan Bustabad to second
Batting: RHB David Holmes 0-0: Called Strike
0-1: Ball
1-1: Ball
2-1: Ball
3-1: Foul Ball, location: 2F
3-2: Base on Balls
Kevin King scores
Juan Bustabad to third
Rodney Scott to second
Batting: LHB Pat Dodson 0-0: Called Strike
0-1: Foul Ball, location: 2F
0-2: Fly out, F9 (Line Drive, 9D, EV 90.6 MPH)
Runner from 3rd tags up, SCORES, no throw by RF
Rodney Scott to third
Batting: LHB Jeremy Penk 0-0: Called Strike
0-1: Ball
1-1: Ball
2-1: Foul Ball, location: 2F
2-2: Ball
3-2: Ground out 2-3 (Groundball, 15S, EV 69.4 MPH)
Bottom of the 2nd over - 2 runs, 1 hit, 0 errors, 2 left on base; Salt Lake City 0 - Tucson 6
TOP OF THE 3RD
Salt Lake City Bees batting - Pitching for Tucson Toros : RHP Alfredo Campos
Batting: RHB Darrell Miller 0-0: Ball
1-0: Ball
2-0: Ball
3-0: Called Strike
3-1: Ground out 6-3 (Groundball, 6S, EV 68.1 MPH)
Batting: RHB Reid Nichols 0-0: Called Strike
0-1: Foul Ball, location: 2F
0-2: Ball
1-2: Fly out, F7 (Flyball, 7D, EV 80.6 MPH)
Batting: LHB Mike Cole 0-0: Ground out 4-3 (Groundball, 34D, EV 103.8 MPH)
Top of the 3rd over - 0 runs, 0 hits, 0 errors, 0 left on base; Salt Lake City 0 - Tucson 6
BOTTOM OF THE 3RD
Tucson Toros batting - Pitching for Salt Lake City Bees : RHP Ed Nunez
Batting: SHB Michael Miara 0-0: Ball
1-0: Ball
2-0: Foul Ball, location: 2F
2-1: Ball
3-1: Base on Balls
Pitching: RHP Antonio Baca
Batting: LHB Danny Garcia 0-0: Ball
1-0: Ball
2-0: Ball
3-0: Base on Balls
Michael Miara to second
Batting: SHB Kevin King 0-0: Ball
Wild Pitch!
Michael Miara to third
Danny Garcia to second
1-0: Foul Ball, location: 2F
1-1: Foul Ball, location: 2F
1-2: Ball
2-2: Foul Ball, location: 2F
2-2: SINGLE (Line Drive, 8LS, EV 92.5 MPH)
Michael Miara scores
Danny Garcia to third
Runner from 3rd tries for Home, SAFE, throw by CF to home
Batting: RHB Talmadge Tanks 0-0: Swinging Strike
0-1: Ball
1-1: Fielders Choice at 2nd, 4-6 (Groundball, 4, EV 86.9 MPH)
Batting: LHB Juan Bustabad 0-0: Called Strike
0-1: Ball
Wild Pitch!
Talmadge Tanks to second
1-1: Ball
2-1: Ball
3-1: Foul Ball, location: 2F
3-2: Foul Ball, location: 2F
3-2: Base on Balls
Batting: SHB Rodney Scott 0-0: Called Strike
0-1: Ball
1-1: Fly out, F4 (Line Drive, 4, EV 63.1 MPH)
Batting: RHB David Holmes 0-0: Called Strike
0-1: Ball
1-1: Ball
2-1: Fly out, F7 (Line Drive, 7D, EV 94.4 MPH)
Bottom of the 3rd over - 2 runs, 1 hit, 0 errors, 2 left on base; Salt Lake City 0 - Tucson 8
TOP OF THE 4TH
Salt Lake City Bees batting - Pitching for Tucson Toros : RHP Alfredo Campos
Batting: LHB Eric Attaway 0-0: Ball
1-0: Ground out 6-3 (Groundball, 4M, EV 92.5 MPH)
Batting: RHB Robert Potts 0-0: Called Strike
0-1: Called Strike
0-2: Foul Ball, location: 2F
0-2: Fly out, F7 (Line Drive, 7D, EV 94.4 MPH)
Batting: LHB Thomas Dorsey 0-0: TRIPLE (Line Drive, 89XD, EV 107.5 MPH)
Batting: RHB William Cole 0-0: Called Strike
0-1: Ground out 5-3 (Groundball, 15, EV 87.5 MPH)
Top of the 4th over - 0 runs, 1 hit, 0 errors, 1 left on base; Salt Lake City 0 - Tucson 8
BOTTOM OF THE 4TH
Tucson Toros batting - Pitching for Salt Lake City Bees : RHP Antonio Baca
Batting: LHB Pat Dodson 0-0: Called Strike
0-1: Ball
1-1: Ball
2-1: Foul Ball, location: 2F
2-2: Ground out 4-3 (Groundball, 4, EV 85.6 MPH)
Batting: LHB Jeremy Penk 0-0: Called Strike
0-1: Ball
1-1: Ball
2-1: Ball
3-1: Base on Balls
Batting: SHB Michael Miara 0-0: Ball
1-0: Ball
2-0: Fielders Choice at 2nd, 6-4 (Groundball, 6M, EV 101.3 MPH)
Batting: LHB Danny Garcia 0-0: Ball
1-0: Swinging Strike
1-1: SINGLE (Groundball, 3D, EV 110.6 MPH)
Michael Miara to second
Batting: SHB Kevin King 0-0: Ball
1-0: Ball
2-0: Foul Ball, location: 2F
2-1: Ground out 4-3 (Groundball, 4D, EV 103.8 MPH)
Bottom of the 4th over - 0 runs, 1 hit, 0 errors, 2 left on base; Salt Lake City 0 - Tucson 8
TOP OF THE 5TH
Salt Lake City Bees batting - Pitching for Tucson Toros : RHP Alfredo Campos
Batting: RHB Jamie Nelson 0-0: Ball
1-0: Ground out 5-3 (Groundball, 56, EV 84.4 MPH)
Batting: RHB Darnell Coles 0-0: Ball
1-0: Ball
2-0: Ground out 6-3 (Groundball, 6, EV 86.3 MPH)
Batting: RHB Darrell Miller 0-0: Ground out 6-3 (Groundball, 6, EV 88.1 MPH)
Top of the 5th over - 0 runs, 0 hits, 0 errors, 0 left on base; Salt Lake City 0 - Tucson 8
BOTTOM OF THE 5TH
Tucson Toros batting - Pitching for Salt Lake City Bees : RHP Antonio Baca
Batting: RHB Talmadge Tanks 0-0: Ball
1-0: Ball
2-0: Ball
3-0: Called Strike
3-1: Base on Balls
Batting: LHB Juan Bustabad 0-0: Ball
1-0: Ball
2-0: Ball
3-0: Called Strike
3-1: Foul Ball, location: 2F
3-2: Base on Balls
Talmadge Tanks to second
Batting: SHB Rodney Scott 0-0: Ball
1-0: SINGLE (Line Drive, 8RS, EV 108.1 MPH)
Talmadge Tanks to third
Juan Bustabad to second
Runner from 3rd tries for Home, SAFE, throw by CF to home
Batting: RHB David Holmes 0-0: Ball
1-0: Ball
2-0: Ball
3-0: Called Strike
3-1: Base on Balls
Juan Bustabad to third
Rodney Scott to second
Pitching: RHP Kevin Jacobson
Batting: LHB Pat Dodson 0-0: Foul Ball, location: 2F
0-1: Foul Ball, location: 2F
0-2: Fly out, F7 (Line Drive, 7, EV 104.4 MPH)
Runner from 3rd tags up, OUT at HOME! 7-2
Rodney Scott to third
David Holmes to second
Batting: LHB Jeremy Penk 0-0: SINGLE (Groundball, 56S, EV 68.8 MPH) (infield hit)
Rodney Scott scores
David Holmes to third
Batting: SHB Michael Miara 0-0: Ball
1-0: Ball
Wild Pitch!
David Holmes scores
Jeremy Penk to second
2-0: Ball
Wild Pitch!
Jeremy Penk to third
3-0: Base on Balls
Batting: LHB Danny Garcia 0-0: Fly out, F9 (Flyball, 9D, EV 105.6 MPH)
Bottom of the 5th over - 3 runs, 2 hits, 0 errors, 2 left on base; Salt Lake City 0 - Tucson 11
TOP OF THE 6TH
Salt Lake City Bees batting - Pitching for Tucson Toros : RHP Alfredo Campos
Batting: RHB Reid Nichols 0-0: Ball
1-0: Ground out 6-3 (Groundball, 6, EV 98.8 MPH)
Batting: LHB Mike Cole 0-0: Ground out 3-1 (Groundball, 23, EV 88.8 MPH)
Batting: LHB Eric Attaway 0-0: Foul Ball, location: 2F
0-1: Ball
1-1: Foul Ball, location: 2F
1-2: Ball
2-2: SINGLE (Line Drive, 8LS, EV 93.1 MPH)
Batting: RHB Robert Potts 0-0: Ball
1-0: Foul Ball, location: 2F
1-1: Fielders Choice at 2nd, 6-4 (Groundball, 6, EV 108.1 MPH)
Top of the 6th over - 0 runs, 1 hit, 0 errors, 1 left on base; Salt Lake City 0 - Tucson 11
BOTTOM OF THE 6TH
Tucson Toros batting - Pitching for Salt Lake City Bees : RHP Kevin Jacobson
Batting: SHB Kevin King 0-0: Foul Ball, location: 2F
0-1: Ball
1-1: Ball
2-1: Called Strike
2-2: Ball
3-2: Base on Balls
Batting: RHB Talmadge Tanks 0-0: Ball
1-0: Fielders Choice at 2nd, 6-4 (Groundball, 6MD, EV 80.0 MPH)
Batting: LHB Juan Bustabad 0-0: Ball
1-0: Ball
2-0: Ball
3-0: Called Strike
3-1: Grounds into double play, 4-6-3 (Groundball, 4, EV 89.4 MPH)
Bottom of the 6th over - 0 runs, 0 hits, 0 errors, 0 left on base; Salt Lake City 0 - Tucson 11
TOP OF THE 7TH
Salt Lake City Bees batting - Pitching for Tucson Toros : RHP Alfredo Campos
Batting: LHB Thomas Dorsey 0-0: Ball
1-0: SINGLE (Groundball, 6MD, EV 104.4 MPH) (infield hit)
Batting: RHB William Cole 0-0: Called Strike
0-1: Ball
1-1: SINGLE (Line Drive, 9S, EV 105.0 MPH)
Thomas Dorsey to second
Batting: LHB Robert Schuster 0-0: Called Strike
0-1: Foul Ball, location: 2F
0-2: Ball
1-2: Strikes out looking
Batting: RHB Darnell Coles 0-0: Reached on error, E6 (Groundball, 6S, EV 86.3 MPH)
Thomas Dorsey to third
William Cole to second
Batting: RHB Darrell Miller 0-0: Called Strike
0-1: Ball
1-1: Ball
2-1: Swinging Strike
2-2: Strikes out swinging
Batting: RHB Reid Nichols 0-0: Ball
1-0: Called Strike
1-1: Foul Ball, location: 2F
1-2: Ball
2-2: Ball
3-2: Ground out U3 (Groundball, 3L, EV 82.5 MPH)
Top of the 7th over - 0 runs, 2 hits, 1 error, 3 left on base; Salt Lake City 0 - Tucson 11
BOTTOM OF THE 7TH
Tucson Toros batting - Pitching for Salt Lake City Bees : RHP Kevin Jacobson
Batting: SHB Rodney Scott 0-0: Ball
1-0: Called Strike
1-1: Foul Ball, location: 2F
1-2: Foul Ball, location: 2F
1-2: Ball
2-2: Foul Ball, location: 2F
2-2: Ball
3-2: Strikes out swinging
Batting: RHB David Holmes 0-0: Ball
1-0: Ball
2-0: Called Strike
2-1: Ball
3-1: Called Strike
3-2: SINGLE (Groundball, 56D, EV 106.3 MPH)
Batting: LHB Pat Dodson 0-0: Swinging Strike
0-1: Called Strike
0-2: Ball
1-2: Foul Ball, location: 2F
1-2: Ball
2-2: Strikes out swinging
Batting: LHB Jeremy Penk 0-0: Ball
1-0: Ball
2-0: Fly out, F4 (Flyball, 34D, EV 91.3 MPH)
Bottom of the 7th over - 0 runs, 1 hit, 0 errors, 1 left on base; Salt Lake City 0 - Tucson 11
TOP OF THE 8TH
Salt Lake City Bees batting - Pitching for Tucson Toros : RHP Alfredo Campos
Batting: LHB Mike Cole 0-0: Ball
1-0: Ball
2-0: Called Strike
2-1: Called Strike
2-2: Fly out, F4 (Popup, 23, EV 96.3 MPH)
Batting: LHB Eric Attaway 0-0: Swinging Strike
0-1: Ball
1-1: Foul Ball, location: 2F
1-2: Ball
2-2: Foul Ball, location: 2F
2-2: Fly out, F9 (Flyball, 89D, EV 79.4 MPH)
Batting: RHB Robert Potts 0-0: Swinging Strike
0-1: Swinging Strike
0-2: Fly out, F6 (Popup, 6, EV 70.6 MPH)
Top of the 8th over - 0 runs, 0 hits, 0 errors, 0 left on base; Salt Lake City 0 - Tucson 11
BOTTOM OF THE 8TH
Tucson Toros batting - Pitching for Salt Lake City Bees : RHP Kevin Jacobson
Pitching: RHP Bill Lyons
Batting: SHB Michael Miara 0-0: Ball
1-0: Called Strike
1-1: Swinging Strike
1-2: Ball
2-2: Strikes out swinging
Batting: LHB Danny Garcia 0-0: Foul Ball, location: 2F
0-1: Swinging Strike
0-2: Ball
1-2: Strikes out swinging
Pinch Hitting: LHB Bruce Boisclair 0-0: SOLO HOME RUN (Flyball, 89XD, EV 99.4 MPH), Distance : 417 ft
Batting: RHB Talmadge Tanks 0-0: Ball
1-0: Ball
2-0: Foul Ball, location: 2F
2-1: SOLO HOME RUN (Flyball, 7D, EV 100.6 MPH), Distance : 369 ft
Batting: LHB Juan Bustabad 0-0: Ball
1-0: Ground out 4-3 (Groundball, 4, EV 105.0 MPH)
Bottom of the 8th over - 2 runs, 2 hits, 0 errors, 0 left on base; Salt Lake City 0 - Tucson 13
TOP OF THE 9TH
Salt Lake City Bees batting - Pitching for Tucson Toros : RHP Alfredo Campos
Pitching: LHP Dan Schatzeder
Now in RF: Bruce Boisclair
Batting: LHB Thomas Dorsey 0-0: Ball
1-0: Foul Ball, location: 2F
1-1: Fly out, F6 (Popup, 15, EV 78.8 MPH)
Batting: RHB William Cole 0-0: Ball
1-0: Called Strike
1-1: Ball
2-1: Fly out, F7 (Flyball, 7LM, EV 89.4 MPH)
Batting: LHB Robert Schuster 0-0: Ball
1-0: Ball
2-0: Ball
3-0: Base on Balls
Batting: RHB Darnell Coles 0-0: Foul Ball, location: 2F
0-1: Ball
1-1: Called Strike
1-2: Strikes out swinging
Top of the 9th over - 0 runs, 0 hits, 0 errors, 1 left on base; Salt Lake City 0 - Tucson 13
Wednesday, August 19th, 2020 - OOTP Baseball 21.5 Build 76